 Dungeon Crawl Stone Soup version 0.31.0-32-g396128a36d (webtiles) character file.

Game seed: 3335510614986340393

107 James the Vexing (level 4, 0/34 HPs)
             Began as a Gnoll Hexslinger on Mar 22, 2024.
             Slain by a black bear (4 damage)
             ... on level 3 of the Dungeon.
             The game lasted 00:05:00 (1831 turns).

James the Vexing (Gnoll Hexslinger)                 Turns: 1831, Time: 00:05:01

Health: 0/34       AC:  2    Str:  7    XL:     4   Next: 86%
Magic:  7/8        EV: 15    Int: 15    God:
Gold:   119        SH:  0    Dex: 20    Spells: 4/9 levels left

rFire   . . .        b - +1 dagger (drain)
rCold   . . .        (no shield)
rNeg    . . .        c - +0 robe
rPois   +            (no helmet)
rElec   .            (no cloak)
rCorr   .            (no gloves)
SInv    .            (no boots)
Will    .....        e - amulet of magic regeneration
Stlth   ++           i - ring of poison resistance
HPRegen 0.25/turn    l - +6 ring of dexterity
MPRegen 0.51/turn

%: no passive effects
@: weak-willed, jinxed
A: fangs 1, strong nose, distributed training
a: no special abilities


You were on level 3 of the Dungeon.
You visited 1 branch of the dungeon, and saw 3 of its levels.

You collected 119 gold pieces.

Inventory:

Hand Weapons
 a - a +1 sling
 b - a +1 dagger of draining (weapon)
   (You found it on level 1 of the Dungeon)
 f - a +0 flail
   (You took it off a gnoll on level 1 of the Dungeon)
 q - a +0 mace
   (You took it off an orc on level 2 of the Dungeon)
Armour
 c - a +0 robe (worn)
 j - a +0 leather armour
   (You found it on level 1 of the Dungeon)
 p - a +0 leather armour
   (You took it off an orc on level 2 of the Dungeon)
 s - a scarf of shadows
   (You found it on level 3 of the Dungeon)
Magical Staves
 n - a staff of death
   (You found it on level 2 of the Dungeon)
Jewellery
 e - an amulet of magic regeneration (around neck)
   (You found it on level 2 of the Dungeon)
 i - a ring of poison resistance (left hand)
   (You found it on level 1 of the Dungeon)
 l - a +6 ring of dexterity (right hand)
   (You found it on level 1 of the Dungeon)
Scrolls
 d - a scroll of poison {!r}
 g - a scroll of brand weapon {unknown}
 h - 3 scrolls of teleportation {unknown}
 m - 2 scrolls of identify {unknown}
Potions
 k - a potion of magic {unknown}
 o - a potion of haste {unknown}
 r - a potion of heal wounds {unknown}
 t - a potion of curing {unknown}


   Skills:
 + Level 2.8 Fighting
 + Level 1.3 Short Blades
 + Level 1.3 Long Blades
 + Level 1.3 Axes
 + Level 1.3 Maces & Flails
 + Level 1.3 Polearms
 + Level 1.3 Staves
 + Level 4.7 Ranged Weapons
 + Level 1.3 Throwing
 + Level 1.3 Armour
 + Level 4.7 Dodging
 + Level 1.3 Stealth
 + Level 1.3 Shields
 + Level 1.3 Unarmed Combat
 + Level 3.1 Spellcasting
 + Level 1.0 Conjurations
 + Level 5.5 Hexes
 + Level 1.0 Summonings
 + Level 1.0 Necromancy
 + Level 1.0 Translocations
 + Level 2.3 Fire Magic
 + Level 1.0 Ice Magic
 + Level 1.0 Air Magic
 + Level 1.0 Earth Magic
 + Level 1.0 Alchemy
 + Level 1.4 Invocations
 + Level 1.3 Evocations
 + Level 1.2 Shapeshifting


You had 4 spell levels left.
You knew the following spells:

 Your Spells              Type           Power      Damage    Failure   Level
a - Jinxbite              Hex            36%        N/A       3%          2
b - Sigil of Binding      Hex            18%        N/A       6%          3

Your spell library contained the following spells:

 Spells                   Type           Power      Damage    Failure   Level
 Tukima's Dance           Hex            18%        N/A       6%          3
 Inner Flame              Hex/Fire       14%        N/A       12%         3
 Cause Fear               Hex            9%         N/A       21%         4
 Dimensional Bullseye     Hex/Tloc       6%         N/A       45%         4
 Iskenderun's Mystic Bla  Conj/Tloc      5%         2d3       77%         4


Dungeon Overview and Level Annotations

Branches:
Dungeon (3/15)

Altars:

Annotations:
D:2 exclusion: 2 gnolls


Innate Abilities, Weirdness & Mutations

You have very sharp teeth.
Your uncanny sense of smell can sniff out nearby items.
Your experience applies equally to all skills.


Message History

A black bear comes into view.
You shoot a sling bullet. The sling bullet hits the black bear!
The black bear growls angrily.
You shoot a sling bullet.
The sling bullet barely misses the black bear.
You shoot a sling bullet.
The sling bullet barely misses the black bear.
You shoot a sling bullet.
The sling bullet closely misses the black bear.
The black bear barely misses you. The black bear claws you.
The black bear misses you.
You shoot a sling bullet. The sling bullet hits the black bear.
The black bear completely misses you. The black bear closely misses you.
The black bear claws you.
You shoot a sling bullet.
The sling bullet hits the black bear but does no damage.
The black bear closely misses you. The black bear misses you.
The black bear claws you.
You shoot a sling bullet.
The sling bullet barely misses the black bear.
The black bear bites you. The black bear claws you. x2
* * * LOW HITPOINT WARNING * * *
The black bear bites you.
* * * LOW HITPOINT WARNING * * *
The black bear misses you. x2
You sense an unholy aura.
b - a +1 dagger of draining (weapon)
You hit the black bear but do no damage.
Your punch misses the black bear. The black bear misses you.
The black bear claws you.
* * * LOW HITPOINT WARNING * * *
The black bear claws you.
* * * LOW HITPOINT WARNING * * *
You hit the black bear. The black bear closely misses you.
The black bear claws you but does no damage.
The black bear closely misses you.
Unknown command.
You beckon some vexing sprites to accompany your attacks.
You feel your willpower being sapped. The black bear bites you!
* * * LOW HITPOINT WARNING * * *
The black bear misses you. The black bear closely misses you.
You hit the black bear.
A giggling sprite leaps out and smacks the black bear with its own front paw.
The black bear completely misses you.
The black bear claws you but does no damage. x2
You hit the black bear but do no damage.
You drain the black bear.
You bite the black bear, but do no damage.
The black bear bites you.
You die...

..##.# #.#.# .# .....#
#.#.# .# ...#.# #.#.# .#
...#.# #.#.# .# ..<#.#
#.#.######.#
.#.#.###.#.##.....######
..................>.....
##†#####.#.....#...####
.........#######@..#
##)#...........h.†.#
#.#.###########.#.# #.# .
..#...
#.###############.#######
#...............#.#)....#
################.#.#.###.#
...........)........<....#
##################.#######


You could see a black bear (very drained).

Vanquished Creatures
  4 gnolls
  An adder (D:2)
  2 dart slugs (D:2)
  A ribbon worm (D:2)
  4 orcs
  4 ball pythons
  2 bats
  7 endoplasms
  A giant cockroach (D:1)
  3 goblins
  4 hobgoblins
  3 jackals (D:2)
  A quokka (D:1)
  A frilled lizard (D:2)
  5 kobolds
  3 rats
46 creatures vanquished.

Notes
Turn   | Place    | Note
-------+----------+-------------------------------------------
     0 | D:1      | James the Gnoll Hexslinger began the quest for the Orb.
     0 | D:1      | Reached XP level 1. HP: 17/17 MP: 4/4
   132 | D:1      | Reached XP level 2. HP: 4/23 MP: 5/5
   303 | D:1      | Learned a level 2 spell: Jinxbite
   377 | D:1      | You fall into a shaft and drop 1 floor!
   388 | D:2      | Reached XP level 3. HP: 28/28 MP: 7/7
   493 | D:2      | Learned a level 3 spell: Sigil of Binding
   829 | D:2      | Reached skill level 1 in Invocations
   920 | D:2      | Reached skill level 1 in Short Blades
   920 | D:2      | Reached skill level 1 in Long Blades
   920 | D:2      | Reached skill level 1 in Axes
   920 | D:2      | Reached skill level 1 in Maces & Flails
   920 | D:2      | Reached skill level 1 in Polearms
   920 | D:2      | Reached skill level 1 in Staves
   920 | D:2      | Reached skill level 1 in Throwing
   920 | D:2      | Reached skill level 1 in Armour
   920 | D:2      | Reached skill level 1 in Stealth
   920 | D:2      | Reached skill level 1 in Shields
   920 | D:2      | Reached skill level 1 in Unarmed Combat
   920 | D:2      | Reached skill level 1 in Evocations
  1095 | D:2      | Reached skill level 1 in Shapeshifting
  1095 | D:2      | Reached XP level 4. HP: 34/34 MP: 8/8
  1424 | D:2      | Reached skill level 1 in Conjurations
  1424 | D:2      | Reached skill level 1 in Summonings
  1424 | D:2      | Reached skill level 1 in Necromancy
  1424 | D:2      | Reached skill level 1 in Translocations
  1424 | D:2      | Reached skill level 1 in Ice Magic
  1424 | D:2      | Reached skill level 1 in Air Magic
  1424 | D:2      | Reached skill level 1 in Earth Magic
  1424 | D:2      | Reached skill level 1 in Alchemy
  1818 | D:3      | Noticed a black bear
  1831 | D:3      | Slain by a black bear

Illustrated notes

Levels and vault maps discovered:
D:1:      minmay_arrival_three_doors, layout_basic, nicolae_grassy_gnolls
D:2:      layout_basic
D:3:      layout_basic, nicolae_gozag_zags_fifth_avenue,
          gammafunk_ghost_nasty_kobolds, minmay_quadrilaterals

Skill      XL: |  1  2  3  4 |
---------------+-------------+-----
Fire Magic     | 2 |  2.3
Invocations    | 1 |  1.4
Short Blades   | 1 |  1.3
Long Blades    | 1 |  1.3
Axes           | 1 |  1.3
Maces & Flails | 1 |  1.3
Polearms       | 1 |  1.3
Staves         | 1 |  1.3
Throwing       | 1 |  1.3
Armour         | 1 |  1.3
Stealth        | 1 |  1.3
Shields        | 1 |  1.3
Unarmed Combat | 1 |  1.3
Evocations     | 1 |  1.3
Shapeshifting  | 1 |  1.2
Spellcasting   | 3 |  3.1
Conjurations   | 1 |  1.0
Summonings     | 1 |  1.0
Necromancy     | 1 |  1.0
Translocations | 1 |  1.0
Ice Magic      | 1 |  1.0
Air Magic      | 1 |  1.0
Earth Magic    | 1 |  1.0
Alchemy        | 1 |  1.0
Fighting       | |  2.8
Ranged Weapons | |  4.7
Dodging        | |  4.7
Hexes          | |  5.5

Action                     |  1- 3 |  4- 6 || total
---------------------------+-------+-------++-------
  Melee: Dagger            |    13 |     5 ||    18
         Bite              |       |     1 ||     1
   Fire: Sling             |    86 |    56 ||   142
   Cast: Jinxbite          |       |     1 ||     1
 Armour: Robe              |    17 |    28 ||    45
  Dodge: Dodged            |    24 |    36 ||    60
